 Dungeon Crawl Stone Soup version 0.22-a0-880-gb7b0c8b (webtiles) character file.

186 Kuinu the Skirmisher (level 5, -4/46 HPs)
             Began as a Draconian Skald on July 30, 2018.
             Slain by a gnoll (7 damage)
             ... on level 3 of the Dungeon.
             The game lasted 00:09:42 (3003 turns).

Kuinu the Skirmisher (Draconian Skald)              Turns: 3003, Time: 00:09:43

Health: -4/46      AC:  7    Str: 14    XL:     5   Next: 38%
Magic:  5/8        EV: 12    Int: 14    God:
Gold:   168        SH:  0    Dex: 10    Spells: 3/8 levels left

rFire    + . .     SeeInvis .   a - +0 falchion
rCold    . . .     Gourm    .   (no shield)
rNeg     . . .     Faith    .   (armour unavailable)
rPois    .         Spirit   .   k - +0 hat
rElec    .         Reflect  .   m - +1 cloak
rCorr    .         Harm     .   (no gloves)
MR       .....                  (no boots)
Stlth    +.........             (no amulet)
HPRegen  0.15/turn              d - ring of protection from fire
MPRegen  0.11/turn              (no ring)

@: singing (expiring)
A: unfitting armour, cold-blooded, AC +5
a: no special abilities


You were on level 3 of the Dungeon.
You were not hungry.

You visited 1 branch of the dungeon, and saw 5 of its levels.

You collected 168 gold pieces.

Inventory:

Hand Weapons
 a - a +0 falchion (weapon)
Armour
 k - a +0 hat (worn)
 m - a +1 cloak (worn)
Jewellery
 d - a ring of protection from fire (left hand)
Wands
 i - a wand of polymorph (1)
Scrolls
 f - 5 scrolls of identify
 h - 3 scrolls of remove curse
 l - 3 scrolls of teleportation
 w - a scroll of enchant weapon {unknown}
Potions
 e - a potion of brilliance {unknown}
 g - a potion of haste {unknown}
 n - a potion of mutation {unknown}
 s - a potion of cancellation {unknown}
 t - a potion of degeneration {unknown}
 v - a potion of magic
Comestibles
 b - 3 chunks of flesh
 c - 7 rations


   Skills:
 * Level 3.8 Fighting
 * Level 3.3 Long Blades
 + Level 2.6 Dodging
 + Level 2.4 Spellcasting
 * Level 3.4 Charms


You had 3 spell levels left.
You knew the following spells:

 Your Spells              Type           Power        Failure   Level  Hunger
a - Infusion              Chrm           ##..         5%          1    #......
b - Shroud of Golubria    Chrm/Tloc      #.........   17%         2    ###....
c - Song of Slaying       Chrm           ##......     9%          2    ###....

Your spell library contained the following spells:

 Spells                   Type           Power        Failure   Level  Hunger
 Regeneration             Chrm/Necr      #.........   32%         3    ###....
 Spectral Weapon          Hex/Chrm       #.......     32%         3    ###....


Dungeon Overview and Level Annotations

Branches:
Dungeon (5/15)
 Temple: D:4-7

Altars:


Innate Abilities, Weirdness & Mutations

Your plain brown scales are hard. (AC +5)
You cannot fit into any form of body armour.
You are cold-blooded and may be slowed by cold attacks.


Message History

You hit the gnoll.
The gnoll is lightly wounded.
You hit the gnoll.
You kill the gnoll!
You hit the gnoll.
The gnoll is moderately wounded.
The gnoll hits you.
* * * LOW HITPOINT WARNING * * *
Okay, then.
You hit the gnoll.
The gnoll is moderately wounded.
The gnoll misses you.
You hit the gnoll.
The gnoll is severely wounded.
The gnoll hits you.
* * * LOW HITPOINT WARNING * * *
Your magical contamination has completely faded away.
Your song is almost over.
The gnoll hits you!
You die...

#################.#
######
#.......#...g...).#
.....####
#.#..##.#.#######.#
###.....# #.##.##.#.#
#.# .##.....#
#.......#.#######)####
#.......#
#...#...g...........<.
##......#
#..#_#..#.#######.####
#.#.....#
#...#.g.#..........##
.###..###
#....@..#######.....#
......# #####..##
##...## #####.# #.##
##.## #.# #.# #.# #.#
#.# #.# #.###### #.#
##'## #<#....# #.#
##...##
##.#.##.#####.#####
##.....##
##..)>.#...........#
##.......#


You could see 2 gnolls.

Vanquished Creatures
  A water moccasin zombie (D:5)
  A hound (D:3)
  Robin (D:2)
  An adder (D:3)
  A gnoll (D:3)
  2 dart slugs
  A leopard gecko (D:1)
  An orc (D:3)
  5 bats
  5 giant cockroaches
  10 goblins
  4 hobgoblins
  7 jackals (D:2)
  8 kobolds
  A quokka (D:2)
  2 ball pythons (D:1)
  5 frilled lizards
  5 rats
61 creatures vanquished.

Notes
Turn   | Place    | Note
-------+----------+-------------------------------------------
     0 | D:1      | Kuinu the Draconian Skald began the quest for the Orb.
     0 | D:1      | Reached XP level 1. HP: 17/17 MP: 3/3
   381 | D:1      | Reached XP level 2. HP: 25/25 MP: 5/5
  1009 | D:1      | Learned a level 2 spell: Shroud of Golubria
  1012 | D:1      | Learned a level 2 spell: Song of Slaying
  1119 | D:2      | Reached XP level 3. HP: 30/30 MP: 6/6
  1664 | D:2      | Noticed Robin
  1900 | D:2      | Killed Robin
  2076 | D:2      | Reached XP level 4. HP: 33/38 MP: 5/7
  2384 | D:3      | Noticed a bullfrog
  2434 | D:4      | HP: 1/38 [bullfrog (2)]
  2440 | D:5      | Entered Level 5 of the Dungeon
  2470 | D:5      | Reached XP level 5. HP: 15/46 MP: 0/8
  2944 | D:3      | Found a faded altar of an unknown god.
  2991 | D:3      | HP: 1/46 [gnoll (5)]
  3003 | D:3      | Slain by a gnoll

Vault maps used:
D:1:      sevenhm_arrival_forest_fort_small_3
D:2:      uniq_robin
D:3:      chequers_ecumenical_altar_simple
D:4:      overflow_temple_1_default, temple_statues, gammafunk_ghost_necromancy,
          uniq_edmund
D:5:      grunt_temple_overflow_open, first_ration

Skill      XL: |  1  2  3  4 |
---------------+-------------+-----
Charms         | 3 |  3.4
Fighting       | 3 |  3.8
Long Blades    | 3 |  3.3
Dodging        | |  2.6
Spellcasting   | |  2.4

Action                   |  1- 3 |  4- 6 || total
-------------------------+-------+-------++-------
Melee: Falchion          |   111 |    60 ||   171
       Tailslap          |     5 |     6 ||    11
       Unarmed           |     4 |       ||     4
 Cast: Infusion          |     4 |     4 ||     8
       Song of Slaying   |     5 |     2 ||     7
       Shroud of Golubri |     2 |     6 ||     8
  Use: Scroll            |       |     9 ||     9
       Potion            |       |     3 ||     3
 Stab: Sleeping          |     1 |       ||     1
  Eat: Chunk             |     4 |     4 ||     8
Armor: Skin              |    60 |    31 ||    91
Dodge: Dodged            |   126 |    63 ||   189
       Rpst.: Falchion   |    36 |    20 ||    56

Table legend:
 A = Spawn XP
 B = Non-spawn XP
 C = Spawn XP percentage of total XP
 D = Spawn monster count
 E = Non-spawn monster count
 F = Spawn count percentage of total count
 G = Total turns spent on level
                    A         B        C        D         E        F      G
               +---------+---------+-------+---------+---------+-------+---------
         Total |       0 |     267 |   0.0 |       0 |      61 |   0.0 |  3003
               +---------+---------+-------+---------+---------+-------+---------
           D:1 |       0 |      38 |   0.0 |       0 |      21 |   0.0 |  1041
           D:2 |       0 |      63 |   0.0 |       0 |      29 |   0.0 |  1126
           D:3 |       0 |      83 |   0.0 |       0 |      10 |   0.0 |   484
           D:5 |       0 |      83 |   0.0 |       0 |       1 |   0.0 |   342
               +---------+---------+-------+---------+---------+-------+---------
